← All builds
Tech / Armada / Economy first / OBSERVED BUILD

Standard tech

Armada Tech (Eco) build order · Supreme Isthmus

Rushes T2 factory and T2 constructor to supply the team, upgrading mexes first and sending the first T2 constructor to Geo before scaling its own eco.

Usually first T2 con to Geo (82%)

#eco #t2 #team support · 1726 distinct matches · 266 players · 60% of Armada Tech games · team won 54% of 2044 · Recently observed

HOW TO PLAY IT

Key timing: T2 factory by 4:15

  1. Open 3 mex and heavy wind to fund a fast T2 rush.
  2. Put down Bot Lab, planning to eat it for reclaim soon after.
  3. Get Advanced Bot Lab up, hitting the T2 factory rush timing.
  4. Upgrade mex to Advanced Metal Extractor to lock in team metal income.
  5. Eat Advanced Bot Lab and keep sending cons to Geo and Pond.

Phase by phase

TYPICAL OF ITS 1726 GAMES
  1. 1
  2. 2
  3. 3
  4. 4
PLAY THE OPENING

Follow the example game's first 6:00 step by step: what to build now, what comes next, and where it goes. At 1× it keeps pace with your own game.

  1. 1

    Up to the Bot Lab

    Economy
    • Metal Extractor3Mex
    • Wind Turbine4Wind
    Order
    1. Bot LabBot Lab after 3 mex, 4 winddone ~1:18, middle half 1:13–1:32

    Some games also: energy storage (32%)

    By 1:01 in all: 3 mex · 4 wind

    The example game in this phase · 5 steps
    1. Mex ×3
    2. Wind ×4
    3. Energy storage
    4. Wind ×2
    5. Bot LabBot Labdone 1:51 · typical 1:18
  2. 2

    Bot Lab to Advanced Bot Lab

    Economy
    • Metal Extractor1Mex
    • Wind Turbine8Wind
    • Energy Storage1Energy storage
    Order
    1. Advanced Bot LabAdvanced Bot Lab after 4 mex, 12 wind, 3 con turretdone ~4:16, middle half 4:04–4:30
    Builders
    • Construction Turret3 Con turret
    • Lazarus3 Lazarus
    • Construction Bot2 Con bot
    • Construction Bot1 Con bot for allies

    Some games also: converter (35%)

    By 3:18 in all: 4 mex · 12 wind · 1 energy storage · 3 con turret

    The example game in this phase · 9 steps
    1. Construction BotCon botfor Air
    2. Wind
    3. LazarusLazarus ×2
    4. Construction BotCon bot
    5. Wind
    6. Mex
    7. Wind
    8. Con turret ×3
    9. Advanced Bot LabAdvanced Bot Labdone 4:05 · typical 4:16
  3. 3

    Advanced Bot Lab to 5:00

    Economy
    • Wind Turbine3Wind
    Order
    1. Bot LabEat Bot Lab
    Builders
    • Advanced Construction Bot1 T2 con bot for allies

    Some games also: converter (35%)

    By 5:00 in all: 4 mex · 15 wind · 1 converter · 1 energy storage · 3 con turret

    The example game in this phase · 5 steps
    1. Bot LabEat Bot Labreclaimed for its metal
    2. Advanced Construction BotT2 con botfor Geo
    3. Wind ×2
    4. Advanced Metal ExtractorT2 mexdone 5:06 · typical 5:28
    5. Wind ×2
  4. 4

    5:00 to 10:00

    Economy
    • Wind Turbine43Wind
    • Energy Converter6Converter
    Builders
    • Butler9 Butler
    • Advanced Construction Bot4 T2 con bot for allies
    • Advanced Construction Bot1 T2 con bot

    Some games also: con turret (42%) · Butler for allies (36%)

    By 10:00 in all: 4 mex · 59 wind · 8 converter · 1 energy storage · 3 con turret

    The example game in this phase · 181 steps
    1. Wind
    2. Advanced Construction BotT2 con botfor Air
    3. Wind ×3
    4. Advanced Metal ExtractorT2 mex
    5. Energy storage
    6. Wind
    7. Advanced Construction BotT2 con botfor unknown
    8. Wind ×2
    9. Advanced Metal ExtractorT2 mex
    10. Wind ×2
    11. Advanced Construction BotT2 con bot
    12. Wind ×3
    13. Advanced Construction BotT2 con botfor Geo sea
    14. Wind
    15. ButlerButler
    16. Wind
    17. ButlerButler
    18. Advanced Metal ExtractorT2 mex
    19. Wind
    20. TumbleweedRolling bomb
    21. Wind
    22. TumbleweedRolling bomb
    23. Wind
    24. Advanced Construction BotT2 con botfor Beach sea
    25. Wind
    26. ButlerButler ×2
    27. GunslingerGunslingerfor Suicide frontdone 9:05
    28. Wind ×3
    29. Advanced Construction BotT2 con bot
    30. Wind ×11
    31. UmbrellaAnti-nukedone 10:55
    32. Wind
    33. ValiantValiant
    34. Wind ×8
    35. ValiantValiant
    36. Converter ×2
    37. Con turret
    38. Converter
    39. Wind
    40. ValiantValiant
    41. Wind ×2
    42. ButlerButler
    43. Fusion ReactorFusiondone 12:28
    44. Wind
    45. ButlerButler
    46. Wind ×2
    47. ValiantValiant
    48. Wind
    49. ButlerButler
    50. ValiantValiant
    51. Wind ×2
    52. ValiantValiant
    53. ButlerButler
    54. Wind
    55. Con turret
    56. Wind
    57. ValiantValiant
    58. ButlerButler
    59. Wind ×2
    60. Con turret
    61. ValiantValiant
    62. Wind
    63. ButlerButler
    64. Converter
    65. Con turret
    66. ValiantValiant
    67. GunslingerGunslinger
    68. Converter ×2
    69. ValiantValiant
    70. Con turret
    71. Converter
    72. Wind
    73. Con turret
    74. Wind
    75. ValiantValiant
    76. Converter
    77. Wind ×2
    78. ValiantValiant
    79. Wind ×2
    80. Converter
    81. Wind
    82. ValiantValiant
    83. Con turret
    84. Wind ×3
    85. ValiantValiant
    86. Converter
    87. Con turret
    88. Advanced Fusion ReactorAdvanced Fusion Reactornot finished by 15:00
    89. Wind ×3
    90. Con turret
    91. ValiantValiant
    92. Wind ×2
    93. Converter
    94. Wind
    95. ValiantValiant
    96. Wind ×3
    97. ValiantValiant
    98. Converter
    99. Con turret
    100. Wind ×2
    101. ValiantValiant
    102. Wind
    103. Converter
    104. Wind
    105. Converter
    106. Wind
    107. Converter ×2
    108. ValiantValiant
    109. Wind ×2
    110. Con turret
    111. Wind
    112. ValiantValiant
    113. Wind
    114. Con turret
    115. Wind
    116. Converter ×4
    117. Con turret
    118. Construction AircraftCon aircraft
    119. Wind
    120. Converter ×4
    121. Wind
    122. Converter
    123. ValiantValiant
    124. Wind
    125. Converter
    126. Wind
    127. Converter
    128. ValiantValiant
    129. Converter
    130. Wind ×2
    131. Con turret
    132. Wind
    133. ValiantValiant
    134. Converter
    135. Wind
    136. Converter ×2
    137. Wind ×3
    138. Advanced Bot LabEat Advanced Bot Labreclaimed for its metal
    139. Wind
    140. Converter ×2
    141. Con turret
    142. Converter
    143. Wind ×2
    144. Converter
    145. ValiantValiant
    146. Con turret
    147. Converter ×2
    148. Wind
    149. Converter
    150. Wind ×2
    151. Con turret
    152. Wind ×2
    153. Converter ×3
    154. Con turret
    155. Wind
    156. ValiantValiant
    157. Wind
    158. Con turret ×2
    159. Wind
    160. Con turret
    161. Converter ×2
    162. Con turret
    163. Wind
    164. Converter
    165. Wind
    166. ValiantValiant ×2
    167. Con turret
    168. Converter
    169. Wind
    170. ValiantValiant
    171. Converter
    172. ValiantValiant
    173. Converter ×3
    174. Con turret
    175. ValiantValiant
    176. Converter ×2
    177. Con turret
    178. ValiantValiant
    179. Converter ×10
    180. ValiantValiant
    181. Con turret

Counts are medians over the build's games: half of them build more, half fewer. The example game is gmansawesome's (32 OS, 15/10/2026); pick another.

Team trades

IN AT LEAST 30% OF ITS GAMES

You hand over

  • Construction Bot1 Con bot to Airfirst at 2:23 · in 83% of games
  • Advanced Construction Bot5 T2 con bot to Air or Pond or Geo seafirst at 4:51 · in 99% of games
  • Butler2 Butler to Geo sea or Beach sea or Pondfirst at 9:06 · in 42% of games

You get

  • Hercules1 Light transport from Airfirst at 4:02 · in 86% of games

How it plays out

Typical game of this build, running totals by minute

Metal produced

020k40k
0:005:0010:0015:00

metal

Enemy metal destroyed

050100
0:005:0010:0015:00

metal

Own metal lost

050100150
0:005:0010:0015:00

metal

2044 games.

Show as table
ByMetal produced: This buildEnemy metal destroyed: This buildOwn metal lost: This build
1:0038300
2:0091500
3:00165700
4:00314700
5:00484600
6:00580500
7:00724400
8:00907600
9:001120800
10:001354100
11:001625700
12:001967300
13:002346100
14:0027346074
15:003154297130
WHAT THE NUMBERS SAY

Standard Tech play barely fights at all early, instead pouring metal into T2 infrastructure and constructors for the team.

  • + Metal produced hits 31679 by 15:00, by far the highest of any role here.
  • + T2 factory reached in 97% of games by 4:15, fastest and most reliable T2 timing.
  • − Enemy metal destroyed stays at 0 through 10:00, no early offense at all.
  • − Own metal lost also near 0, showing total avoidance of combat risk.
THE EXAMPLE YOU ARE READING

gmansawesome

31.6 OS · 15/10/2026

Open source match ↗

56 received units · includes a constructor
1198 metal received · 94901 energy received

Allied construction assistance is unknown. Timings are observations, not a promise of solo reproducibility.

Typical milestones

Bot Lab1:18Middle 50%: 1:13–1:32 · n=2044
Advanced Bot Lab4:16Middle 50%: 4:04–4:30 · n=2037
Advanced Metal Extractor5:28Middle 50%: 5:05–5:58 · n=2040

Played most by

Amrissa94games of this buildTheGeneraI70games of this buildAdeus59games of this buildEl_Turco56games of this build[NWP]134747games of this build